 Dungeon Crawl Stone Soup version 0.29.0-13-gc9e81de378 (webtiles) character file.

Game seed: 1861610578619562542

18 ponyjar the Insei (level 2, 0/18 HPs)
             Began as an Octopode Transmuter on Sept 10, 2022.
             Slain by a worm (12 damage)
             ... on level 2 of the Dungeon.
             The game lasted 00:00:56 (1656 turns).

ponyjar the Insei (Octopode Transmuter)             Turns: 1656, Time: 00:00:57

Health: 0/18       AC:  1    Str:  9    XL:     2   Next: 70%
Magic:  5/5        EV: 13    Int: 15    God:
Gold:   28         SH:  0    Dex: 12    Spells: 4/5 levels left

rFire   . . .      SeeInvis .     - Unarmed
rCold   . . .      Faith    .   (no shield)
rNeg    . . .      Spirit   .   (helmet restricted)
rPois   .          Reflect  .   (no amulet)
rElec   .          Harm     .   (no ring)
rCorr   .          Rampage  .   (no ring)
Will    .....                   (no ring)
Stlth   ++........              (no ring)
HPRegen 0.06/turn               (no ring)
MPRegen 0.09/turn               (no ring)
                                (no ring)
                                (no ring)

@: no status effects
A: almost no armour, amphibious, 8 rings, camouflage 1, gelatinous body 1,
(nimble swimmer 1), tentacles
a: no special abilities


You were on level 2 of the Dungeon.
You visited 1 branch of the dungeon, and saw 2 of its levels.

You collected 28 gold pieces.

Inventory:

Magical Staves
 f - a staff of earth
Scrolls
 c - a scroll of immolation {unknown}
 d - 4 scrolls of identify {unknown}
Potions
 a - 2 potions of lignification
 b - a potion of flight {unknown}
 e - a potion of cancellation {unknown}


   Skills:
 + Level 1.4 Fighting
 + Level 2.2 Dodging
 + Level 3.1 Unarmed Combat
 + Level 2.2 Spellcasting
 + Level 2.2 Transmutations


You had 4 spell levels left.
You knew the following spells:

 Your Spells              Type           Power      Damage    Failure   Level
a - Beastly Appendage     Tmut           16%        N/A       9%          1

Your spell library contained the following spells:

 Spells                   Type           Power      Damage    Failure   Level
 Wereblood                Tmut           8%         N/A       13%         2
 Spider Form              Tmut/Pois      5%         N/A       38%         3
 Ozocubu's Armour         Ice            1%         N/A       54%         3
 Ice Form                 Ice/Tmut       5%         N/A       80%         4
 Metabolic Englaciation   Hex/Ice        0%         N/A       99%         5
 Simulacrum               Ice/Necr       0%         N/A       100%        6


Dungeon Overview and Level Annotations

Branches:
Dungeon (2/15)

Altars:

Shops:
D:2 =[*?


Innate Abilities, Weirdness & Mutations

You cannot wear most types of armour.
You are amphibious.
You can wear up to eight rings at the same time.
Your skin changes colour to match your surroundings (Stealth+).
Your rubbery body absorbs attacks. (AC +1, EV +1)
((You are camouflaged when in or above water. (Stealth+)))
You have tentacles for arms and can constrict up to eight enemies at once.


Message History

Found 10 gold pieces.
Found Asic's General Store.
A bat comes into view.
The helpless ball python fails to defend itself.
You tentacle-slap the ball python. Your grab misses the ball python.
Your tentacle-slap misses the ball python.
The ball python is severely wounded.
The ball python misses you. x2
You tentacle-slap the ball python.
You kill the ball python!
You see here an inky potion.
There is an entrance to Ebukipt's Magic Scroll Shop here.
You see here 10 gold pieces.
There is an entrance to Ebukipt's Magic Scroll Shop here.
You see here 10 gold pieces.
You now have 28 gold pieces (gained 10).
There is an entrance to Ebukipt's Magic Scroll Shop here.
An adder comes into view.
A worm comes into view.
There is an entrance to Asic's General Store here.
You can access your shopping list by pressing '$'.
The helpless bat fails to defend itself.
You tentacle-slap the bat.
You kill the bat!
The worm bites you.
You tentacle-slap the worm. Your grab misses the worm.
The worm is lightly wounded.
You barely miss the worm. You grab the worm.
The worm is lightly wounded.
You constrict the worm. The worm closely misses you.
You tentacle-slap the worm. You squeeze the worm!
The worm is severely wounded.
You constrict the worm. You tentacle-slap the worm.
The worm is severely wounded.
You constrict the worm. The worm barely misses you.
You tentacle-slap the worm but do no damage.
The worm is almost dead.
You constrict the worm. The worm bites you!
Ouch! That really hurt!
You die...

###### .....#....# .....#....#
##### ..........+ ...
.....#....# #w# ######....#
#@## #.........######..### S..
#...........#.......#.....
..∩.........#.#...#.#....
#.###..........#.#..#... #.#
#...........∩...#.#+#
..###>......#..#.#....#.######
..+.#.......#.#...#...#.......
..#..<......#.........#....###


You could see a worm.

Vanquished Creatures
  5 ball pythons
  2 bats
  2 endoplasms (D:1)
  3 goblins (D:1)
  2 hobgoblins (D:1)
  A quokka (D:1)
  A frilled lizard (D:1)
  2 rats
18 creatures vanquished.

Notes
Turn   | Place    | Note
-------+----------+-------------------------------------------
     0 | D:1      | ponyjar the Octopode Transmuter began the quest for the
                  | Orb.
     0 | D:1      | Reached XP level 1. HP: 13/13 MP: 3/3
   497 | D:1      | Reached XP level 2. HP: 16/18 MP: 3/5
  1328 | D:1      | Found a faded altar of an unknown god.
  1557 | D:2      | Found Ygadef's Jewellery Shoppe.
  1608 | D:2      | Found Ziant's Armour Shoppe.
  1622 | D:2      | Found Ebukipt's Magic Scroll Shop.
  1626 | D:2      | Found Asic's General Store.
  1656 | D:2      | Slain by a worm

Illustrated notes

Levels and vault maps discovered:
D:1:      psy_arrival_terrarium, layout_basic, ebering_ecumenical_altar_rust
D:2:      layout_basic, serial_shops, nicolae_shop_advertising_works
          [nicolae_subvault_shop_adworks], shop, nicolae_shop_behind_doors,
          shop_fountains, shop, grunt_decor_mini_mirrors

Action                   || total
-------------------------++-------
Melee: Unarmed           ||    38
       Kick              ||     6
       Constrict         ||    10
       Tentacles         ||    10
       Punch             ||     2
 Cast: Beastly Appendage ||     7
 Stab: Sleeping          ||     7
Armor: Skin              ||     1
Dodge: Dodged            ||    17
